 Dungeon Crawl Stone Soup version 0.30-a0-862-g1aabd4f9c5 (webtiles) character file.

Game seed: 9503811828006498706

635 Dordric the Ruffian (level 7, -1/62 HPs)
             Began as a Troll Warper on Mar 10, 2023.
             Was an Initiate of Okawaru.
             Slain by an orc
             ... wielding a +0 hand axe
              (5 damage)
             ... on level 5 of the Dungeon.
             The game lasted 00:04:27 (2566 turns).

Dordric the Ruffian (Troll Warper)                  Turns: 2566, Time: 00:04:27

Health: -1/62      AC:  4    Str: 22    XL:     7   Next: 25%
Magic:  0/10       EV:  9    Int:  9    God:    Okawaru [......]
Gold:   326        SH:  0    Dex:  9    Spells: 3/12 levels left

rFire   . . .      SeeInvis .      - Unarmed
rCold   . . .      Faith    .    (no shield)
rNeg    . . .      Spirit   +    a - +0 robe
rPois   .          Reflect  .    (helmet restricted)
rElec   .          Rampage  .    (no cloak)
rCorr   .                        (gloves unavailable)
Will    .....                    (boots unavailable)
Stlth   +                        f - amulet of guardian spirit
HPRegen 1.10/turn                (no ring)
MPRegen 0.12/turn                (no ring)

@: no status effects
A: large, unfitting armour, claws 3, regeneration 1, shaggy fur 1, tough skin 1
a: Renounce Religion


You were on level 5 of the Dungeon.
You worshipped Okawaru.
Okawaru was noncommittal.
You visited 1 branch of the dungeon, and saw 5 of its levels.

You collected 326 gold pieces.

Inventory:

Missiles
 c - 7 boomerangs of dispersal (quivered)
Armour
 a - a +0 robe (worn)
Jewellery
 f - an amulet of guardian spirit (around neck)
Scrolls
 b - a scroll of blinking
 d - a scroll of fog
 i - a scroll of enchant weapon
 j - a scroll of vulnerability {unknown}
 l - 5 scrolls of noise
Potions
 e - a potion of attraction {unknown}
 g - a potion of berserk rage {unknown}
 h - a potion of mutation {unknown}
 k - a potion of might {unknown}
 o - a potion of resistance {unknown}
 p - 3 potions of heal wounds {unknown}
 q - 2 potions of cancellation {unknown}
 r - 2 potions of lignification {unknown}


   Skills:
 - Level 1.5 Fighting
 - Level 0.8 Throwing
 - Level 1.9 Dodging
 + Level 5.9 Unarmed Combat
 + Level 3.1 Spellcasting
 + Level 3.1 Translocations


You had 3 spell levels left.
You knew the following spells:

 Your Spells              Type           Power      Damage    Failure   Level
a - Manifold Assault      Tloc           7%         N/A       63%         4
b - Blink                 Tloc           14%        N/A       12%         2
c - Vhi's Electric Charg  Tloc/Air       8%         N/A       43%         3

Your spell library contained the following spells:

 Spells                   Type           Power      Damage    Failure   Level
 Lesser Beckoning         Tloc           14%        N/A       12%         2
 Teleport Other           Tloc           7%         N/A       24%         3


Dungeon Overview and Level Annotations

Branches:
Dungeon (5/15)             Temple (0/1) D:5

Altars:
Elyvilon
Fedhas
Okawaru
Qazlal
Trog
Xom

Shops:
D:1 =


Innate Abilities, Weirdness & Mutations

You are too large for most types of armour.
You have claws for hands.
Your natural rate of healing is unusually fast.
You are covered in fur. (AC +1)
You have tough skin. (AC +1)


Message History

The puff of frost hits you.
You scratch the orc priest.
The orc priest is moderately wounded.
The orc priest mumbles some strange prayers to Beogh against you.
Beogh smites you! The orc hits you but does no damage. The white imp hits you.
The white imp freezes you.
You are too injured to fight recklessly!
You are too injured to fight recklessly!
You are too injured to fight recklessly!
You are too injured to fight recklessly!
You are too injured to fight recklessly!
You are too injured to fight recklessly!
You are too injured to fight recklessly!
You are too injured to fight recklessly!
You are too injured to fight recklessly!
You are too injured to fight recklessly!
The white imp attacks as you move away!
The white imp hits you but does no damage.
The orc attacks as you move away! The orc closely misses you.
The orc priest calls down the wrath of Beogh upon you.
Pain shoots through your body! The orc attacks as you move away!
The orc hits you with a +0 flail.
* * * LOW HITPOINT WARNING * * *
The scorpion attacks as you move away! The scorpion stings you.
* * * LOW HITPOINT WARNING * * *
The orc attacks as you move away! The orc hits you with a +0 flail.
* * * LOW HITPOINT WARNING * * *
The orc attacks as you move away! The orc hits you but does no damage.
The orc attacks as you move away! The orc barely misses you.
The white imp shouts, "Face thy requiem, thou baffled wibble-sucking apple-john!"
The orc attacks as you move away! The orc hits you with a +0 hand axe.
* * * LOW HITPOINT WARNING * * *
The orc priest mumbles some strange prayers to Beogh against you.
You struggle to resist.
The white imp gestures at you. The puff of frost hits you!
* * * LOW HITPOINT WARNING * * *
You can't go up here!
The orc attacks as you move away! The orc hits you with a +0 hand axe.
You die...

##..........##
#########...#
##..##### #........
##..#...## ######
##.####.## ###....##
##.## #.#
#......<#####†##
#.## #......@..#..##
#..## ####...oo...##
#.... ##..s....#
###....
#...o...######>....#
#.o...5.....).#....#
##..........#####...
# #.........## ##..
#.. ##.........# ###
#..###....####..#


You could see a scorpion, an orc priest, a white imp and 3 orcs.

Vanquished Creatures
  A black bear (D:2)
  A scorpion (D:2)
  A jelly (D:4)
  An orc priest (D:3)
  Jessica (D:2)
  2 orc wizards
  An iguana (D:5)
  3 sleepcaps
  7 gnolls
  5 adders
  3 ufetubi
  3 worms
  A dart slug (D:3)
  10 orcs
  12 ball pythons
  2 bats
  6 endoplasms
  6 giant cockroaches
  8 goblins
  4 hobgoblins
  3 jackals (D:3)
  8 kobolds
  6 quokkas
  8 frilled lizards
  6 rats
109 creatures vanquished.

Notes
Turn   | Place    | Note
-------+----------+-------------------------------------------
     0 | D:1      | Dordric the Troll Warper began the quest for the Orb.
     0 | D:1      | Reached XP level 1. HP: 19/19 MP: 1/1
    53 | D:1      | Reached XP level 2. HP: 27/27 MP: 2/2
    94 | D:1      | Reached skill level 3 in Unarmed Combat
   286 | D:1      | Reached XP level 3. HP: 33/33 MP: 3/3
   359 | D:1      | Found Lotoej's Jewellery Emporium.
   583 | D:2      | Noticed a scorpion
   588 | D:2      | Reached skill level 4 in Unarmed Combat
   590 | D:2      | Killed a scorpion
   591 | D:2      | Reached XP level 4. HP: 41/41 MP: 5/5
   608 | D:2      | Noticed a black bear
   613 | D:2      | Killed a black bear
   614 | D:2      | Reached XP level 5. HP: 31/48 MP: 5/7
   649 | D:2      | Noticed a great orb of eyes
   651 | D:2      | Found a faded altar of an unknown god.
   652 | D:2      | Noticed a golden eye
   652 | D:2      | Noticed a floating eye
   652 | D:2      | Noticed a golden eye
   663 | D:2      | Noticed Jessica
   666 | D:2      | Killed Jessica
   667 | D:2      | Reached skill level 5 in Unarmed Combat
   900 | D:2      | Learned a level 4 spell: Manifold Assault
  1096 | D:2      | Reached XP level 6. HP: 55/55 MP: 8/8
  1713 | D:4      | Learned a level 2 spell: Blink
  1760 | D:4      | Learned a level 3 spell: Vhi's Electric Charge
  1764 | D:4      | Reached XP level 7. HP: 62/62 MP: 10/10
  1897 | D:4      | Found a white marble altar of Elyvilon.
  1904 | D:4      | Found a stormy altar of Qazlal.
  1906 | D:4      | Found a shimmering altar of Xom.
  1907 | D:4      | Found a bloodstained altar of Trog.
  1908 | D:4      | Found a blossoming altar of Fedhas.
  1910 | D:4      | Found an iron altar of Okawaru.
  2000 | D:4      | Became a worshipper of Warmaster Okawaru
  2285 | D:5      | Entered Level 5 of the Dungeon
  2416 | D:5      | Found a staircase to the Ecumenical Temple.
  2566 | D:5      | Slain by an orc

Illustrated notes

Levels and vault maps discovered:
D:1:      matt_arrival_diagonals, layout_basic, serial_shops, shop, st_stairs_1
D:2:      minmay_angry_zag, layout_loops_ring,
          hellmonk_ecumenical_altar_watching_god, uniq_jessica
D:3:      layout_basic
D:4:      layout_cave_pools, minitemple
D:5:      old_forge, layout_layer_cave, minmay_temple_entry_grid

Skill      XL: |  1  2  3  4  5  6  7 |
---------------+----------------------+-----
Unarmed Combat | 3 4 5 |  5.9
Spellcasting   | 2 3 |  3.1
Translocations | 3 |  3.1
Fighting       | |  1.5
Throwing       | |  0.8
Dodging        | |  1.9

Action                     |  1- 3 |  4- 6 |  7- 9 || total
---------------------------+-------+-------+-------++-------
  Melee: Unarmed           |   112 |   111 |    55 ||   278
         Punch             |     3 |     3 |     3 ||     9
    Use: Scroll            |       |     9 |       ||     9
 Armour: Robe              |    61 |    83 |    15 ||   159
  Dodge: Dodged            |    74 |   103 |    26 ||   203

Table legend: (Time is in decaauts)
 A = Elapsed time spent in this place.
 B = Non-inter-level travel time spent in this place.
 C = Inter-level travel time spent in this place.
 D = Time resting spent in this place.
 E = Time spent auto-exploring this place.
 F = Levels seen in this place.
 G = Mean time per level.
                   A        B        C        D        E       F      G
               +--------+--------+--------+--------+--------+-----+--------+
         Total |   2550 |   2436 |    114 |      0 |   1812 |   5 |  510.0 |
       Dungeon |   2550 |   2436 |    114 |      0 |   1812 |   5 |  510.0 |
               +--------+--------+--------+--------+--------+-----+--------+

Top non-repeatable levels by time:
     D:2: 718 daAuts
     D:4: 606 daAuts
     D:3: 508 daAuts
     D:1: 439 daAuts
     D:5: 277 daAuts
